[Event "*** SCC Grand Prix: Titled Tuesday Blitz"]
[Site "Chess.com"]
[Date "2020.10.13"]
[Round "1"]
[White "PSvidler"]
[Black "r31415"]
[Result "1-0"]
[WhiteElo "2900"]
[BlackElo "2463"]
[TimeControl "180+1"]
[EndTime "10:04:49 PDT"]
[Termination "PSvidler won by resignation"]

1. e4 e5 2. Nf3 Nc6 3. Bb5 Nf6 4. d3 Bc5 5. c3 d5 6. exd5 Qxd5 7.
Bc4 Qd6 8. Qe2 O-O 9. Nbd2 Be6 10. b4 Bb6 11. Ng5 Bg4 12. f3 Bf5 13. a4 a6 14.
g4 Bg6 15. h4 h6 16. Nge4 Qe7 17. h5 Bh7 18. g5 hxg5 19. Nxg5 Rad8 20. Nde4 Nd5 21.
h6 Bg6 22. Qh2 f6 23. hxg7 Qxg7 24. Ne6 Qh7 25. Qxh7+ Bxh7 26. Nxd8 1-0

[Event "*** SCC Grand Prix: Titled Tuesday Blitz"]
[Site "Chess.com"]
[Date "2020.10.13"]
[Round "1"]
[White "mfwagnerpeixoto"]
[Black "davidkalashian"]
[Result "0-1"]
[WhiteElo "2232"]
[BlackElo "2569"]
[TimeControl "180+1"]
[EndTime "10:04:49 PDT"]
[Termination "davidkalashian won by resignation"]

1. d4 Nf6 2. c4 e6 3. Nf3 b6 4.
a3 Ba6 5. Nbd2 c5 6. e3 Bb7 7.
Be2 Be7 8. O-O O-O 9. b3 d5 10.
Bb2 Nc6 11. Qc2 Rc8 12. Rac1 cxd4 13. exd4 dxc4 14. bxc4 Na5 15. Qb1 Qc7 16. c5 Bd5 17.
cxb6 Qxb6 18. Ne5 Rb8 19. Bc3 Bxa3 20. Qxb6 axb6 21. Ra1 Bd6 22. Rfb1 h6 23. f3 Rfc8 24. Bxa5 bxa5 25. Rxb8 Rxb8 26. Ndc4 Bb4 27. Nxa5 Bc3 28. Ra3 Bxd4+ 0-1

[Event "*** SCC Grand Prix: Titled Tuesday Blitz"]
[Site "Chess.com"]
[Date "2020.10.13"]
[Round "1"]
[White "Inga83"]
[Black "kuban1991"]
[Result "0-1"]
[WhiteElo "2406"]
[BlackElo "2800"]
[TimeControl "180+1"]
[EndTime "10:04:52 PDT"]
[Termination "kuban1991 won by resignation"]

1. d4 g6 2. c4 Bg7 3. Nc3 c5 4. d5 Bxc3+ 5. bxc3 f5 6. Qc2 Qa5 7. e3 d6 8. Bd3 Nf6 9. Ne2 Nbd7 10. O-O Nb6 11. Rb1 Bd7 12. Nf4 O-O-O 13. Bd2 Qa4 14.
Qxa4 Nxa4 15. f3 Rhe8 16. e4 fxe4 17. fxe4 Ng4 18. Be2 Ne5 19. h3 Nb6 20. Be1 Nbxc4 21.
Bxc4 Nxc4 22. Nd3 Ba4 23. Nf4 Bc2 24. Rc1 Bxe4 25. Ne6 Bxd5 26. Nxd8 Kxd8 27. Bh4 Kd7 28. Rf2 b5 29. Kh2 a5 30. Rd1 Kc6 31. Re2 e6 32.
Bg3 a4 33. h4 e5 34. Kh3 Be6+ 35. Kh2 Bg4 36. Rde1 Bxe2 37. Rxe2 d5 38. Kh3 d4 39.
cxd4 cxd4 40. Re1 e4 41. Kg4 d3 42. Kg5 e3 43. Kh6 d2 0-1

[Event "*** SCC Grand Prix: Titled Tuesday Blitz"]
[Site "Chess.com"]
[Date "2020.10.13"]
[Round "1"]
[White "Korchmar_Vasiliy"]
[Black "pavelalexandru07"]
[Result "1-0"]
[WhiteElo "2572"]
[BlackElo "2238"]
[TimeControl "180+1"]
[EndTime "10:04:55 PDT"]
[Termination "Korchmar_Vasiliy won by resignation"]

1. d4 Nf6 2. Nf3 d5 3. Bf4 e6 4.
e3 Bd6 5. Bg3 a6 6. Nbd2 Nbd7 7.
Bd3 O-O 8. Ne5 h6 9. c3 Qe7 10. f4 c5 11. Bh4 b5 12. g4 Bb7 13. Qf3 Qe8 14. g5 Ne4 15. gxh6 Nxd2 16. Kxd2 g6 17. Rhg1 Bxe5 18. fxe5 Kh7 19. Bf6 b4 20. h4 bxc3+ 21.
bxc3 Rb8 22. h5 Bc6 23. hxg6+ fxg6 24. Bxg6+ Qxg6 25. Rxg6 Kxg6 26. Qg4+ 1-0

[Event "*** SCC Grand Prix: Titled Tuesday Blitz"]
[Site "Chess.com"]
[Date "2020.10.13"]
[Round "1"]
[White "kleopl"]
[Black "Msb2"]
[Result "0-1"]
[WhiteElo "2483"]
[BlackElo "2942"]
[TimeControl "180+1"]
[EndTime "10:04:56 PDT"]
[Termination "Msb2 won by resignation"]

1. c4 e5 2. Nc3 Bb4 3. Nd5 a5 4. a3 Bc5 5. e3 c6 6. Nc3 d6 7.
d4 Ba7 8. Nf3 Nd7 9. Be2 Ngf6 10. O-O O-O 11. b3 Bb8 12. Bb2 e4 13. Nd2 d5 14. Re1 Re8 15. b4 Nf8 16. g3 Ne6 17.
Qb3 Ng5 18. b5 Nh3+ 19. Kg2 h5 20. bxc6 bxc6 21. cxd5 cxd5 22. Na4 Bc7 23. Nc5 Rb8 24.
Qc3 Ng4 25. Rf1 Qf6 26. Rab1 Ngxf2 27. Bxh5 Qg5 28. Be2 Ng4 29. Bxg4 Qxg4 30. Rbe1 Ng5 31. Re2 Qxe2+ 0-1

[Event "*** SCC Grand Prix: Titled Tuesday Blitz"]
[Site "Chess.com"]
[Date "2020.10.13"]
[Round "1"]
[White "Nastya_Rakhmangulova"]
[Black "amintabatabaei"]
[Result "0-1"]
[WhiteElo "2463"]
[BlackElo "2901"]
[TimeControl "180+1"]
[EndTime "10:04:59 PDT"]
[Termination "amintabatabaei won by resignation"]

1. e4 c5 2. Nf3 d6 3. c3 Nf6 4.
Be2 Bd7 5. d3 Nc6 6. O-O g6 7.
Bg5 Bg7 8. Bxf6 Bxf6 9. d4 O-O 10.
d5 Ne5 11. Nbd2 b5 12. Nxe5 Bxe5 13. f4 Bg7 14. Nf3 b4 15. Qe1 bxc3 16. bxc3 Qa5 17. e5 Rab8 18. Bd3 Bg4 19. Rb1 Qxa2 20. c4 Rxb1 21.
Bxb1 Qxc4 22. Qh4 Bxf3 23. Rxf3 dxe5 24. Qxe7 exf4 25. Bd3 0-1

[Event "*** SCC Grand Prix: Titled Tuesday Blitz"]
[Site "Chess.com"]
[Date "2020.10.13"]
[Round "1"]
[White "pfalcon1949"]
[Black "BigAl"]
[Result "0-1"]
[WhiteElo "1943"]
[BlackElo "2506"]
[TimeControl "180+1"]
[EndTime "10:04:59 PDT"]
[Termination "BigAl won by resignation"]

1. c4 Nf6 2. Nc3 g6 3. g3 Bg7 4. Bg2 O-O 5. e4 d6 6. Nge2 c5 7. d3 Nc6 8. O-O Ne8 9. Be3 Nd4 10. a3 a5 11. Rb1 a4 12. Nc1 Bd7 13. Qd2 Nc7 14. f4 Rb8 15. f5 b5 16. Bh6 bxc4 17.
Bxg7 Kxg7 18. dxc4 Bc6 19. Nd5 Bxd5 20. cxd5 f6 21.
Ne2 Nxe2+ 22. Qxe2 Nb5 23. Qg4 g5 24. h4 h6 25.
hxg5 hxg5 26. Kf2 Rh8 27. Rh1 Qa5 28. Qe2 Nd4 29. Qe3 Rb3 30. Qe1 Qxe1+ 31. Rhxe1 Rhb8 32. Bf1 Rxb2+ 33. Kg1 Rxb1 0-1

[Event "*** SCC Grand Prix: Titled Tuesday Blitz"]
[Site "Chess.com"]
[Date "2020.10.13"]
[Round "1"]
[White "Stalri"]
[Black "INLOVEWITHF"]
[Result "0-1"]
[WhiteElo "2173"]
[BlackElo "2549"]
[TimeControl "180+1"]
[EndTime "10:05:02 PDT"]
[Termination "INLOVEWITHF won by resignation"]

1. d4 Nf6 2. c4 g6 3. Nc3 Bg7 4. e4 O-O 5. Nf3 d6 6. Be2 e5 7. Be3 exd4 8. Nxd4 Re8 9. f3 Nc6 10. O-O Nh5 11. Nxc6 bxc6 12. f4 Nf6 13. Bf3 Nxe4 14.
Nxe4 d5 15. Bd4 dxe4 16. Bxg7 Qxd1 17. Bxd1 Kxg7 18. Ba4 Ba6 19. b3 Re6 20. Kf2 Rd8 21. Rfd1 Rxd1 22. Rxd1 e3+ 23. Ke2 c5 24. Rd3 Bb7 25.
g3 Be4 26. Ke1 Bxd3 0-1

[Event "*** SCC Grand Prix: Titled Tuesday Blitz"]
[Site "Chess.com"]
[Date "2020.10.13"]
[Round "1"]
[White "olksuna"]
[Black "Julianos82"]
[Result "1/2-1/2"]
[WhiteElo "2617"]
[BlackElo "2294"]
[TimeControl "180+1"]
[EndTime "10:05:08 PDT"]
[Termination "Game drawn by agreement"]

1. e4 c5 2. Nf3 Nf6 3. e5 Nd5 4.
Nc3 e6 5. Ne4 f5 6. exf6 Nxf6 7.
Nxf6+ Qxf6 8. d4 Nc6 9. Be3 cxd4 10. Nxd4 Bc5 11. c3 Nxd4 12. Bxd4 Bxd4 13. Qxd4 Qxd4 14.
cxd4 b6 15. f3 Bb7 16. Kd2 Rc8 17. Bd3 Ke7 18. Rac1 h6 19. h4 Rxc1 20. Rxc1 Rc8 21. Rxc8 Bxc8 22. Ke3 Bb7 23. Be4 Bxe4 24. Kxe4 Kf6 25. g4 g6 26. f4 h5 27. g5+ Ke7 28. Ke5 d6+ 29. Ke4 Kd7 30. b4 b5 1/2-1/2

[Event "*** SCC Grand Prix: Titled Tuesday Blitz"]
[Site "Chess.com"]
[Date "2020.10.13"]
[Round "1"]
[White "semchik73"]
[Black "Arjun2002"]
[Result "0-1"]
[WhiteElo "2333"]
[BlackElo "2670"]
[TimeControl "180+1"]
[EndTime "10:05:11 PDT"]
[Termination "Arjun2002 won by resignation"]

1. Nf3 d5 2. c4 c6 3. e3 Nf6 4. Nc3 e6 5. d4 Nbd7 6. Bd3 dxc4 7. Bxc4 b5 8. Bd3 Bb7 9. O-O a6 10. Qe2 c5 11. Rd1 Rc8 12. dxc5 Bxc5 13. e4 h6 14. Be3 Qe7 15. Bxc5 Nxc5 16. e5 Nd5 17. Nxd5 Bxd5 18. Rac1 O-O 19. Bb1 Na4 20. Qd3 g6 21. b3 Nb2 22.
Qe3 Nxd1 23. Qxh6 Rxc1 24. Qxc1 Bxf3 0-1

[Event "*** SCC Grand Prix: Titled Tuesday Blitz"]
[Site "Chess.com"]
[Date "2020.10.13"]
[Round "1"]
[White "manitodeplomo"]
[Black "Sacbutt"]
[Result "1-0"]
[WhiteElo "2632"]
[BlackElo "2294"]
[TimeControl "180+1"]
[EndTime "10:05:12 PDT"]
[Termination "manitodeplomo won by resignation"]

1. d4 Nf6 2. c4 e6 3. Nf3 b6 4. g3 Bb7 5. Bg2 Be7 6. Nc3 d6 7. Qc2 c5 8. e4 O-O 9. O-O cxd4 10.
Nxd4 Nc6 11. Nxc6 Bxc6 12. e5 Bxg2 13. exf6 Bxf1 14. fxe7 Qxe7 15. Kxf1 Rac8 16. Qd3 Rfd8 17. Bf4 e5 18. Be3 Qe6 19. b3 f5 20. Rd1 f4 21.
gxf4 Qh3+ 22. Ke2 Qg4+ 23. Kd2 exf4 24. Qd5+ Kh8 25. Bd4 Qh4 26. Rg1 Rd7 27. Ne4 Qxh2 28. Qg5 Rcc7 29. Bxg7+ 1-0

[Event "*** SCC Grand Prix: Titled Tuesday Blitz"]
[Site "Chess.com"]
[Date "2020.10.13"]
[Round "1"]
[White "GigaQuparadze"]
[Black "Mr_Sinigami"]
[Result "1-0"]
[WhiteElo "2966"]
[BlackElo "2486"]
[TimeControl "180+1"]
[EndTime "10:05:13 PDT"]
[Termination "GigaQuparadze won on time"]

1. e4 c5 2. Nf3 e6 3. d4 cxd4 4. Nxd4 a6 5. Nc3 Qc7 6. Be2 Nf6 7. O-O Nc6 8. Be3 Bb4 9. Na4 b5 10. Nb6 Rb8 11. Nxc8 Rxc8 12. a4 Nxe4 13. axb5 axb5 14.
Nxb5 Qb8 15. Na7 Nxa7 16. Bxa7 Qe5 17. Bd4 Qg5 18. Ba6 Rd8 19. Bb6 O-O 20. Bxd8 Rxd8 21. Qd4 Nxf2 22. Qxb4 Nh3+ 23. Kh1 1-0

[Event "*** SCC Grand Prix: Titled Tuesday Blitz"]
[Site "Chess.com"]
[Date "2020.10.13"]
[Round "1"]
[White "tk22h"]
[Black "Airquake"]
[Result "0-1"]
[WhiteElo "2308"]
[BlackElo "2639"]
[TimeControl "180+1"]
[EndTime "10:05:13 PDT"]
[Termination "Airquake won by resignation"]

1. d4 Nf6 2. c4 e6 3. Nc3 d5 4.
Nf3 Be7 5. Bg5 Nbd7 6. e3 O-O 7. Rc1 b6 8. cxd5 exd5 9. Bd3 Bb7 10. Qc2 h6 11. Bh4 c5 12. O-O Rc8 13. Bf5 cxd4 14. Nxd4 Ne4 15. Bxe7 Qxe7 16. Bxd7 Qxd7 17. Qd3 Nc5 18.
Qe2 Ba6 19. Ncb5 Ne4 20. Rfd1 Rc5 21. a4 Nd6 22. b4 Rxc1 23. Rxc1 Rc8 24. Rxc8+ Qxc8 25. h3 Qc1+ 26. Kh2 Ne4 27. Qc2 Qxc2 28. Nxc2 Bxb5 29. axb5 Nxf2 30. Nd4 Nd1 31. Nc6 Nxe3 32. Nxa7 Kf8 33. Nc8 Nc4 34. Kg3 Ke8 35. Kf3 Kd8 36. Na7 Kd7 37. Ke2 Kc7 38. Nc6 Kd6 39. Nd8 f5 40. Kd3 Na3 41. Nf7+ Ke6 42. Nd8+ Kd7 43.
Nf7 Nxb5 44. Ne5+ Ke6 45. Nf3 g5 0-1

[Event "*** SCC Grand Prix: Titled Tuesday Blitz"]
[Site "Chess.com"]
[Date "2020.10.13"]
[Round "1"]
[White "A-S-00"]
[Black "EddieMarsalla"]
[Result "0-1"]
[WhiteElo "2248"]
[BlackElo "2582"]
[TimeControl "180+1"]
[EndTime "10:05:14 PDT"]
[Termination "EddieMarsalla won by resignation"]

1. d4 d5 2. Nf3 Bf5 3. c4 e6 4. g3 Nc6 5. Bg2 Nf6 6. O-O Be7 7.
Nc3 O-O 8. b3 Ne4 9. Bb2 Bg4 10.
h3 Bh5 11. g4 Bg6 12. Rc1 f5 13. cxd5 exd5 14. Ne5 Nxe5 15. dxe5 fxg4 16. Qxd5+ Qxd5 17. Nxd5 Bd8 18. hxg4 c6 19. Ne3 Bb6 20. Bxe4 Bxe4 21. Nc4 Bc7 22. f3 Bd5 23. e4 Be6 24. Nd6 Rab8 25. Rfd1 Rxf3 26. Nf5 g6 27. Kg2 Rf4 28.
Kg3 Rxe4 29. Nh6+ Kg7 30. g5 Bxe5+ 31. Bxe5+ Rxe5 32. Kf4 Ra5 33. Rd6 Rf8+ 34. Ke3 Re5+ 35. Kd4 Rxg5 36. Rxe6 Kxh6 37. Rh1+ Rh5 38. Rhe1 Rf4+ 39.
Kc3 a5 40. Re7 b5 41. Rc7 b4+ 42. Kb2 Rh2+ 43. Kb1 Rff2 44. Rxc6 Rb2+ 45. Kc1 Rxa2 46. Kd1 0-1

[Event "*** SCC Grand Prix: Titled Tuesday Blitz"]
[Site "Chess.com"]
[Date "2020.10.13"]
[Round "1"]
[White "Angel_Hranitel_37"]
[Black "GHANDEEVAM2003"]
[Result "0-1"]
[WhiteElo "2492"]
[BlackElo "3063"]
[TimeControl "180+1"]
[EndTime "10:05:16 PDT"]
[Termination "GHANDEEVAM2003 won by resignation"]

1. d4 Nf6 2. Nf3 d5 3. c4 e6 4. g3 dxc4 5. Bg2 Bd7 6. Ne5 Bc6 7.
Nxc6 Nxc6 8. O-O Qd7 9. e3 h5 10. Nd2 h4 11. Nxc4 O-O-O 12. Bd2 Nd5 13. Qb3 f5 14. a4 hxg3 15. hxg3 g5 16. Rfc1 f4 17. Na5 Nxa5 18. Bxa5 Bd6 19. e4 g4 20.
exd5 f3 21. Bxf3 gxf3 22. Qxf3 Rdf8 23. Qg4 Qh7 24. Qxe6+ Kb8 25. Bxc7+ Bxc7 26. Kf1 Re8 27. Rxc7 Qh1+ 0-1

[Event "*** SCC Grand Prix: Titled Tuesday Blitz"]
[Site "Chess.com"]
[Date "2020.10.13"]
[Round "1"]
[White "Ural_bogatyr"]
[Black "DuDaKi"]
[Result "1-0"]
[WhiteElo "2418"]
[BlackElo "2749"]
[TimeControl "180+1"]
[EndTime "10:05:16 PDT"]
[Termination "Ural_bogatyr won on time"]

1. e4 e5 2. Nf3 Nc6 3. Bb5 Nf6 4.
O-O Nxe4 5. d4 Nd6 6. dxe5 Nxb5 7. a4 Nbd4 8. Nxd4 Nxd4 9. Qxd4 d5 10. exd6 Qxd6 11. Qe4+ Be7 12. Nc3 c6 13. Bf4 Qe6 14. Qd4 O-O 15. Rfe1 Bf6 16. Qb4 Qg4 17. Qxf8+ Kxf8 18. Bd6+ Be7 19. Rxe7 1-0

[Event "*** SCC Grand Prix: Titled Tuesday Blitz"]
[Site "Chess.com"]
[Date "2020.10.13"]
[Round "1"]
[White "VMikhalevski"]
[Black "MalyDominator"]
[Result "1-0"]
[WhiteElo "2722"]
[BlackElo "2372"]
[TimeControl "180+1"]
[EndTime "10:05:17 PDT"]
[Termination "VMikhalevski won by resignation"]

1. d4 Nf6 2. Nf3 g6 3. g3 Bg7 4.
Bg2 O-O 5. O-O d6 6. b3 Nbd7 7.
Bb2 e5 8. dxe5 Ng4 9. Qd2 Ngxe5 10. c4 Nxf3+ 11. Bxf3 Ne5 12. Bg2 Qe7 13. Nc3 c6 14. Rad1 Rd8 15. h3 f5 16. Rfe1 Be6 17. f4 Nf7 18. e4 Qc7 19. exf5 Bxf5 20. g4 Bd7 21. Ne4 d5 22. Bxg7 dxe4 23. Bb2 Bxg4 24. Qc3 Ne5 25. Rxd8+ Rxd8 26. hxg4 1-0

[Event "*** SCC Grand Prix: Titled Tuesday Blitz"]
[Site "Chess.com"]
[Date "2020.10.13"]
[Round "1"]
[White "KerryStead"]
[Black "kintoho"]
[Result "0-1"]
[WhiteElo "2040"]
[BlackElo "2512"]
[TimeControl "180+1"]
[EndTime "10:05:17 PDT"]
[Termination "kintoho won by resignation"]

1. d4 g6 2. e4 Bg7 3. Be3 c6 4. c3 Nf6 5. f3 d5 6. e5 Nfd7 7. Bd3 c5 8. Ne2 Nc6 9. f4 cxd4 10.
cxd4 Nb6 11. O-O Nb4 12. Bb5+ Bd7 13. Bxd7+ Qxd7 14. a3 Nc6 15. Nbc3 O-O 16. f5 gxf5 17.
Nf4 e6 18. Nh5 f6 19. exf6 Bxf6 20. Rf3 Nc4 21. Bc1 Kh8 22. Ne2 Qf7 23. b3 Nd6 24. Nxf6 Qxf6 25. Re3 Ne4 26. Bb2 Rg8 27. Qf1 Rg5 28.
Rd1 Rag8 29. Nf4 Rg4 30. h3 R4g5 31. Kh2 Qh6 32. Nd3 Rxg2+ 33. Qxg2 Rxg2+ 34. Kxg2 Qxe3 35. Bc1 Qe2+ 0-1

[Event "*** SCC Grand Prix: Titled Tuesday Blitz"]
[Site "Chess.com"]
[Date "2020.10.13"]
[Round "1"]
[White "Shivagami"]
[Black "Skatchkov_V"]
[Result "0-1"]
[WhiteElo "2241"]
[BlackElo "2573"]
[TimeControl "180+1"]
[EndTime "10:05:19 PDT"]
[Termination "Skatchkov_V won on time"]

1. d4 Nf6 2. c4 e6 3. Nc3 Bb4 4. f3 c5 5. d5 O-O 6. e4 b5 7.
Nh3 bxc4 8. Bxc4 Nxd5 9. Bxd5 exd5 10. Qxd5 Ba6 11. Qxa8 Bxc3+ 12. bxc3 Qa5 13. Bd2 Nc6 14. Qxf8+ Kxf8 15. Kf2 Ne5 16. Nf4 f6 17. Rhb1 Kf7 18. Rb8 Bc4 19. Ke3 Qa4 20. Rab1 g5 21. Nd5 Qc2 0-1

[Event "*** SCC Grand Prix: Titled Tuesday Blitz"]
[Site "Chess.com"]
[Date "2020.10.13"]
[Round "1"]
[White "Snegokhod"]
[Black "chito89"]
[Result "0-1"]
[WhiteElo "2408"]
[BlackElo "2802"]
[TimeControl "180+1"]
[EndTime "10:05:23 PDT"]
[Termination "chito89 won by checkmate"]

1. e4 c5 2. Nf3 e6 3. d3 d5 4. Nbd2 Nc6 5. g3 g6 6. Bg2 Bg7 7. O-O Nge7 8. Re1 b6 9. e5 Qc7 10. Qe2 h6 11. h4 g5 12. hxg5 hxg5 13. Nxg5 Qxe5 14. Qxe5 Nxe5 15. Ngf3 N5c6 16. c3 Ba6 17. Bf1 O-O-O 18. a3 Rh5 19. Kg2 Rdh8 20. Nh4 Bf6 21.
Ndf3 d4 22. c4 Bb7 23. Kg1 Nf5 24. Nxf5 Rh1+ 25. Kg2 exf5 26. Be2 R1h7 27. Bf4 Ne5 28. Bxe5 Rh2+ 29. Kf1 Rh1+ 30. Ng1 Rxg1+ 31. Kxg1 Rh1# 0-1

[Event "*** SCC Grand Prix: Titled Tuesday Blitz"]
[Site "Chess.com"]
[Date "2020.10.13"]
[Round "1"]
[White "C_K_G"]
[Black "chenxiaoyuer"]
[Result "0-1"]
[WhiteElo "2025"]
[BlackElo "2510"]
[TimeControl "180+1"]
[EndTime "10:05:24 PDT"]
[Termination "chenxiaoyuer won by resignation"]

1. e4 c5 2. Nf3 d6 3. c3 Nf6 4. Bd3 Nc6 5. h3 e6 6. O-O Be7 7. Bc2 O-O 8. Re1 d5 9. e5 Nd7 10. d4 Qb6 11. a3 f6 12. exf6 Nxf6 13. Ng5 Nd8 14. Qd3 h6 15. Nh7 Rf7 16. Nxf6+ Bxf6 17. Qh7+ Kf8 18. Bg6 Bd7 19. dxc5 Qxc5 20. Bxf7 Nxf7 21.
Be3 Qb5 22. Nd2 Qxb2 23. Bc5+ Be7 24. Bxe7+ Kxe7 25. Nf3 Qxc3 26. Ne5 Nxe5 27. Qxg7+ Kd6 28. Rac1 Nf3+ 0-1

[Event "*** SCC Grand Prix: Titled Tuesday Blitz"]
[Site "Chess.com"]
[Date "2020.10.13"]
[Round "1"]
[White "Sueetin"]
[Black "Aguiar94"]
[Result "0-1"]
[WhiteElo "2261"]
[BlackElo "2596"]
[TimeControl "180+1"]
[EndTime "10:05:25 PDT"]
[Termination "Aguiar94 won by resignation"]

1. d4 Nf6 2. c4 e6 3. Nc3 Bb4 4. e3 O-O 5. Nf3 b6 6. Bd3 c5 7.
O-O Nc6 8. a3 Bxc3 9. bxc3 Ba6 10.
Bb2 Na5 11. Nd2 Rc8 12. Rc1 d5 13. Qe2 dxc4 14. Bc2 cxd4 15. exd4 Bb7 16. a4 Re8 17. f3 Nd5 18. Qe4 g6 19. Qe5 Qf6 20. Ne4 Qxe5 21. dxe5 Red8 22. Nd6 Rc7 23. Be4 Nf4 24.
Rcd1 Bxe4 25. fxe4 Nd3 26. Ba3 Rcd7 27. Rf3 Nxe5 28. Rf4 Nb7 0-1

[Event "*** SCC Grand Prix: Titled Tuesday Blitz"]
[Site "Chess.com"]
[Date "2020.10.13"]
[Round "1"]
[White "ajdemipopushi"]
[Black "K_A_S_T_O_R"]
[Result "0-1"]
[WhiteElo "2349"]
[BlackElo "2693"]
[TimeControl "180+1"]
[EndTime "10:05:28 PDT"]
[Termination "K_A_S_T_O_R won on time"]

1. Nf3 c5 2. g3 b6 3. Bg2 Bb7 4. O-O Nf6 5. c4 e6 6. Nc3 a6 7. Re1 d6 8. e4 Be7 9. d4 cxd4 10. Nxd4 Qc7 11. Be3 Nbd7 12. Rc1 Rc8 13. f4 O-O 14. g4 Nc5 15. Bf2 g6 16. b3 h5 17. h3 hxg4 18.
hxg4 e5 19. fxe5 dxe5 20. Nc2 Ne6 21. Nd5 Bxd5 22. cxd5 Nf4 23. Bf3 Nh7 24. Qd2 Ng5 25. Bd1 Ngh3+ 26. Kf1 Nxf2 27. Kxf2 Bh4+ 0-1

[Event "*** SCC Grand Prix: Titled Tuesday Blitz"]
[Site "Chess.com"]
[Date "2020.10.13"]
[Round "1"]
[White "onnoelgersma"]
[Black "niki_2003"]
[Result "1-0"]
[WhiteElo "2497"]
[BlackElo "1746"]
[TimeControl "180+1"]
[EndTime "10:05:28 PDT"]
[Termination "onnoelgersma won by resignation"]

1. e4 c5 2. Nf3 d6 3. Bb5+ Bd7 4. a4 a6 5. Bxd7+ Nxd7 6. O-O Ngf6 7. Nc3 g6 8. Re1 Bg7 9. a5 O-O 10. d3 Ng4 11. h3 Nge5 12. Nxe5 Nxe5 13. Nd5 e6 14. Nb6 Rb8 15. Bf4 Nd7 16. Bxd6 Nxb6 17. Bxf8 Bxb2 18. Bxc5 Nd7 19. Rb1 Bc3 20. Bb4 Bxe1 21. Qxe1 b6 22. axb6 Qxb6 23. Rb2 a5 24. Bc3 Qxb2 25. Bxb2 Rxb2 26.
Qxa5 Rxc2 27. d4 Nf6 28. d5 Nxe4 29. dxe6 fxe6 30. Qa8+ Kg7 31. Qxe4 Rc1+ 32. Kh2 Rf1 33. Qd3 Kf7 34. Qxf1 1-0

[Event "*** SCC Grand Prix: Titled Tuesday Blitz"]
[Site "Chess.com"]
[Date "2020.10.13"]
[Round "1"]
[White "Oglob71"]
[Black "Trovita84"]
[Result "1-0"]
[WhiteElo "2510"]
[BlackElo "2035"]
[TimeControl "180+1"]
[EndTime "10:05:31 PDT"]
[Termination "Oglob71 won on time"]

1. d4 e6 2. Nf3 d5 3. c4 Nf6 4.
Qc2 Be7 5. g3 O-O 6. Bg2 b6 7.
O-O Bb7 8. Ne5 Nbd7 9. cxd5 exd5 10. Bf4 c5 11. Nxd7 Qxd7 12. Rd1 Rac8 13. Nc3 Rfd8 14.
dxc5 Rxc5 15. Qb3 Qf5 16. Be3 Rcc8 17. Bd4 Ne4 18. Rac1 Bf6 19. Nxe4 dxe4 20. Bxf6 Qxf6 21. Rxd8+ Rxd8 22. Qc2 Qe5 23. b3 g6 24. h4 h5 25.
a3 Rc8 26. Qb1 Rxc1+ 27. Qxc1 Ba6 28. e3 Kg7 29. b4 1-0

[Event "*** SCC Grand Prix: Titled Tuesday Blitz"]
[Site "Chess.com"]
[Date "2020.10.13"]
[Round "1"]
[White "Alexsur1981"]
[Black "alejanchess73"]
[Result "1-0"]
[WhiteElo "2769"]
[BlackElo "2403"]
[TimeControl "180+1"]
[EndTime "10:05:33 PDT"]
[Termination "Alexsur1981 won by checkmate"]

1. e4 e6 2. d4 d5 3. Nc3 Bb4 4.
exd5 exd5 5. Bd3 Nf6 6. Qf3 Bxc3+ 7. bxc3 c6 8. h3 Nbd7 9. Ne2 O-O 10. g4 Re8 11. Kf1 Ne4 12. Ng3 Ndf6 13. Nf5 Bxf5 14. gxf5 Qa5 15. Rg1 Kh8 16. Rb1 b5 17. Rb3 Qxa2 18.
Kg2 Qa5 19. Bf4 Qd8 20. Kh1 a5 21. Rbb1 a4 22. Be5 Nxc3 23. Rbe1 Nce4 24. Bxe4 dxe4 25. Qf4 Rg8 26. Qh4 Nd5 27. Rg5 e3 28. Qxh7+ Kxh7 29. Rh5# 1-0

[Event "*** SCC Grand Prix: Titled Tuesday Blitz"]
[Site "Chess.com"]
[Date "2020.10.13"]
[Round "1"]
[White "gumimis"]
[Black "Keithonsky"]
[Result "0-1"]
[WhiteElo "2248"]
[BlackElo "2579"]
[TimeControl "180+1"]
[EndTime "10:05:34 PDT"]
[Termination "Keithonsky won by checkmate"]

1. e4 c5 2. Nf3 e6 3. d4 cxd4 4. Nxd4 a6 5. Bd3 Nf6 6. O-O Qc7 7. Qe2 d6 8. c4 b6 9. Nc3 Bb7 10. f4 Nbd7 11. Kh1 h5 12. Bd2 Be7 13. Rae1 Ng4 14. f5 Nf8 15. fxe6 fxe6 16. h3 Ne5 17. Rf2 Bf6 18.
Ref1 O-O-O 19. Rxf6 gxf6 20. Rxf6 Qg7 21. Rf2 Qg3 22. Bc2 Ng4 23. Nf3 Nxf2+ 24. Kg1 Nxh3+ 25. Kh1 Nf2+ 26. Kg1 Ng4 27. Bg5 Rd7 28. Ba4 Rf7 29. Qd2 Rxf3 30. Qxd6 Qf2+ 31. Kh1 Qf1# 0-1

[Event "*** SCC Grand Prix: Titled Tuesday Blitz"]
[Site "Chess.com"]
[Date "2020.10.13"]
[Round "1"]
[White "shrek4life02"]
[Black "Colombiano07"]
[Result "1-0"]
[WhiteElo "2576"]
[BlackElo "2245"]
[TimeControl "180+1"]
[EndTime "10:05:34 PDT"]
[Termination "shrek4life02 won by resignation"]

1. d4 d5 2. Nc3 e6 3. Bf4 Bd6 4. Qd2 a6 5. f3 Ne7 6. e4 Bxf4 7. Qxf4 dxe4 8. Qxe4 Nd5 9. Nxd5 Qxd5 10. Bd3 Bd7 11. Ne2 Bc6 12. Qxd5 Bxd5 13. c4 Bc6 14. O-O-O O-O 15. Nc3 b6 16. Rhe1 Nd7 17. Be4 Bxe4 18. fxe4 e5 19. Nd5 Ra7 20. Ne7+ Kh8 21. Nc6 Rb7 22. dxe5 Nc5 23. b4 Ne6 24. Rd7 g6 25. Rf1 Kg7 26. h4 h5 27. Rf6 Kg8 28. Ne7+ Kh8 29.
Rxe6 fxe6 30. Nxg6+ Kg8 31. Nxf8 Kxf8 32. Rh7 Ke8 33. Kb2 Kd8 34. Kc3 Kc8 35. Rxh5 c5 36.
Rh8+ Kc7 37. Rh7+ Kc6 38. Rxb7 Kxb7 39. bxc5 bxc5 40. h5 1-0

[Event "*** SCC Grand Prix: Titled Tuesday Blitz"]
[Site "Chess.com"]
[Date "2020.10.13"]
[Round "1"]
[White "Gusarov91"]
[Black "HanSchut"]
[Result "1-0"]
[WhiteElo "2578"]
[BlackElo "2247"]
[TimeControl "180+1"]
[EndTime "10:05:35 PDT"]
[Termination "Gusarov91 won by resignation"]

1. d4 Nf6 2. Nf3 g6 3. c4 Bg7 4.
g3 O-O 5. Bg2 d5 6. O-O dxc4 7.
Na3 c5 8. dxc5 Qa5 9. Nxc4 Qxc5 10. Qd4 Na6 11. Qxc5 Nxc5 12. Be3 Be6 13. Rfc1 Rac8 14. Nd4 Bd5 15. Bh3 e6 16. Nd6 b6 17. Nxc8 Rxc8 18. Nb5 a6 19. Nc3 Bb7 20. Bg2 Bxg2 21. Kxg2 Ng4 22. Bxc5 Rxc5 23. Na4 Rb5 24. Rc8+ Bf8 25. Rd1 Kg7 26. b3 Be7 27. Rd7 Bg5 28. Rb7 Rf5 29. f4 Bf6 30. e4 Rb5 31. Rxb6 Ne3+ 32. Kf3 Rxb6 33. Nxb6 Nf1 34. e5 Nxh2+ 35. Kg2 1-0

[Event "*** SCC Grand Prix: Titled Tuesday Blitz"]
[Site "Chess.com"]
[Date "2020.10.13"]
[Round "1"]
[White "Zq1"]
[Black "JiiHart"]
[Result "1-0"]
[WhiteElo "2517"]
[BlackElo "2063"]
[TimeControl "180+1"]
[EndTime "10:05:37 PDT"]
[Termination "Zq1 won by resignation"]

1. d4 Nf6 2. c4 g6 3. Nc3 Bg7 4. e4 d6 5. Nf3 O-O 6. Be2 e5 7. O-O Nc6 8. d5 Ne7 9. Ne1 Ne8 10. Be3 f5 11. f3 f4 12. Bf2 g5 13.
c5 Nf6 14. Rc1 h5 15. Nb5 g4 16. cxd6 cxd6 17. Nc7 Bd7 18. Ne6 Bxe6 19. dxe6 g3 20. hxg3 fxg3 21. Bxg3 Rc8 22. Rxc8 Nxc8 23. Bc4 Kh7 24.
Nd3 Nb6 25. Bb3 Qe8 26. Nf2 Bh6 27. Qxd6 Rg8 28. Qxe5 Qg6 29. Qf5 Qxf5 30. exf5 Be3 31.
Kh2 Nfd5 32. Ne4 h4 33. Bxh4 Nf4 34. Nf6+ 1-0